 Dungeon Crawl Stone Soup version 0.23-a0-143-g1adec7bb76 (webtiles) character file.

692 Holzbalken the Cleaver (level 7, -19/52 HPs)
             Began as a Demonspawn Monk on Sept 5, 2018.
             Demolished by an ogre
             ... wielding a cursed -2 giant spiked club
              (29 damage)
             ... on level 4 of the Dungeon.
             The game lasted 00:21:28 (4261 turns).

Holzbalken the Cleaver (Demonspawn Monk)            Turns: 4261, Time: 00:21:28

Health: -19/52     AC: 10    Str: 13 (14) XL:     7   Next: 36%
Magic:  7/7        EV:  6    Int:  9 (11) God:
Gold:   212        SH:  0    Dex: 15      Spells: 6/6 levels left

rFire    . . .     SeeInvis .   b - +0 flail (crush)
rCold    . . .     Gourm    .   (no shield)
rNeg     . . .     Faith    .   i - +0 chain mail (curse)
rPois    .         Spirit   .   (helmet restricted)
rElec    .         Reflect  .   q - +0 cloak
rCorr    .         Harm     .   (no gloves)
MR       .....                  (no boots)
Stlth    ..........             (no amulet)
HPRegen  0.57/turn              (no ring)
MPRegen  0.10/turn              (no ring)

@: no status effects
A: horns 2, talons 2, blink, regeneration 1, shaggy fur 1, wild magic 1, rot
immunity
a: Blink


You were on level 4 of the Dungeon.
You were not hungry.

You visited 1 branch of the dungeon, and saw 4 of its levels.

You collected 212 gold pieces.

Inventory:

Hand Weapons
 a - a +0 hand axe
 b - a +0 flail of crushing (weapon)
Armour
 f - a +0 leather armour
 i - a cursed +0 chain mail (worn)
 m - a +4 chain mail
 q - a +0 cloak (worn)
 s - a +0 robe
Wands
 p - a wand of polymorph (16)
 t - a wand of random effects (24)
Scrolls
 e - 6 scrolls of identify {unknown}
 g - a scroll of enchant armour {unknown}
 h - a scroll of remove curse {unknown}
 j - a scroll of magic mapping {unknown}
 n - a scroll of immolation {unknown}
 o - 2 scrolls of teleportation {unknown}
Potions
 k - a potion of might
 l - a potion of cancellation {unknown}
 r - 2 potions of curing
Comestibles
 c - 12 rations
 d - 3 chunks of flesh


   Skills:
 - Level 3.0 Fighting
 + Level 8.0 Axes
 - Level 2.6 Dodging
 - Level 1.7 Stealth


You had 6 spell levels left.
You didn't know any spells.
Your spell library was empty.

Dungeon Overview and Level Annotations

Branches:
Dungeon (4/15)
 Temple: D:4-7

Altars:
Ashenzari
Hepliaklqana
Trog
Uskayaw

Shops:
D:4 }


Innate Abilities, Weirdness & Mutations

You have a pair of horns on your head.
You have razor-sharp toenails.
You are immune to rotting.
You can translocate small distances at will.
Your natural rate of healing is unusually fast.
You are covered in fur. (AC +1)
Your spells are a little harder to cast, but a little more powerful.


Message History

You miss something. Something hits you but does no damage.
You miss something. You claw something. Something hits you but does no damage.
You hit something but do no damage. Something hits you but does no damage.
You feel better.
A sky beast appears from thin air!
Reactivating autopickup.
The sky beast hits you. The sky beast shocks you.
* * * LOW HITPOINT WARNING * * *
You miss the sky beast. Your kick misses the sky beast.
The sky beast is severely wounded.
The sky beast hits you.
* * * LOW HITPOINT WARNING * * *
The sky beast shocks you.
* * * LOW HITPOINT WARNING * * *
You sock the sky beast!
You kill the sky beast!
Your Axes skill increases to level 8!
You hit the ogre but do no damage.
The ogre hits you with a giant spiked club!!
Ouch! That really hurt!
You die...

#. .. ...
###.###.# #)
#.##.##. #.# #.#
#. #.....# #.# #.#
#. #O#..# #.# #.#
#. #.§..# ..# #.#
## #.∩# ### #.#
##.# ####.## #O#
#.....### #@#
#.###........ #.#
#.........###
#.########.....###
#.......##........
#######.###...###.
#....<...##.
#####...###.
##########......
#..........##.##


You could see an ogre.

Vanquished Creatures
  Sigmund (D:2)
  A sky beast (D:4)
  A hound (D:4)
  An iguana (D:4)
  Jessica (D:2)
  Ijyb (D:3)
  Terence (D:2)
  Natasha (thrice) (D:3)
  3 gnolls (D:3)
  7 adders
  An ooze (D:1)
  2 worms
  A dart slug (D:2)
  4 leopard geckos
  13 orcs
  10 bats
  5 giant cockroaches
  11 goblins
  16 hobgoblins
  12 jackals
  6 kobolds
  4 quokkas
  9 frilled lizards
  A leopard gecko skeleton (D:4)
  2 rats
  2 plants (D:2)
119 creatures vanquished.

Notes
Turn   | Place    | Note
-------+----------+-------------------------------------------
     0 | D:1      | Holzbalken the Demonspawn Monk began the quest for the Orb.
     0 | D:1      | Reached XP level 1. HP: 18/18 MP: 1/1
    87 | D:1      | Reached skill level 3 in Axes
   232 | D:1      | Gained mutation: You have sharp toenails. [demonic
                  | ancestry]
   232 | D:1      | Reached XP level 2. HP: 14/24 MP: 2/2
   912 | D:1      | Reached XP level 3. HP: 29/29 MP: 3/3
  1068 | D:1      | Reached skill level 4 in Axes
  1512 | D:2      | Noticed Sigmund
  1529 | D:2      | Killed Sigmund
  1529 | D:2      | Reached skill level 5 in Axes
  1529 | D:2      | Gained mutation: You have a pair of small horns on your
                  | head. [demonic ancestry]
  1529 | D:2      | Reached XP level 4. HP: 4/35 MP: 4/4
  1529 | D:2      | Gained mutation: You have a pair of horns on your head.
                  | [demonic ancestry]
  1529 | D:2      | Reached XP level 5. HP: 5/41 MP: 5/5
  1832 | D:2      | Noticed a hand axe
  1832 | D:2      | Noticed a hand axe
  1834 | D:2      | Found a hide-covered altar of Uskayaw.
  2185 | D:2      | Reached skill level 6 in Axes
  2242 | D:2      | Noticed Terence
  2267 | D:2      | Killed Terence
  2267 | D:2      | Gained mutation: You are immune to rotting. [demonic
                  | ancestry]
  2267 | D:2      | Reached XP level 6. HP: 28/47 MP: 6/6
  2414 | D:2      | Noticed Jessica
  2431 | D:2      | Killed Jessica
  2671 | D:2      | Found a bloodstained altar of Trog.
  2671 | D:2      | Found a hazy altar of Hepliaklqana.
  2734 | D:2      | Found a shattered altar of Ashenzari.
  2982 | D:3      | Noticed Natasha
  3011 | D:3      | Killed Natasha
  3024 | D:3      | Noticed Natasha
  3036 | D:3      | Killed Natasha
  3159 | D:3      | Noticed Natasha
  3199 | D:3      | Gained mutation: Your spells are a little harder to cast,
                  | but a little more powerful. [potion of mutation]
  3199 | D:3      | Gained mutation: Your natural rate of healing is unusually
                  | fast. [potion of mutation]
  3199 | D:3      | Gained mutation: You can translocate small distances at
                  | will. [potion of mutation]
  3199 | D:3      | Gained mutation: You are covered in fur. (AC +1) [potion of
                  | mutation]
  3211 | D:3      | Killed Natasha
  3543 | D:3      | Reached skill level 7 in Axes
  3562 | D:3      | Noticed Ijyb
  3582 | D:3      | Killed Ijyb
  3919 | D:4      | Gained mutation: You have razor-sharp toenails. [demonic
                  | ancestry]
  3919 | D:4      | Reached XP level 7. HP: 50/52 MP: 7/7
  4226 | D:4      | Found Ekhlaj's Gadget Boutique.
  4260 | D:4      | Reached skill level 8 in Axes
  4261 | D:4      | Demolished by an ogre

Vault maps used:
D:1:      wheals_arrival_linesprint, minmay_cut_off
D:2:      dancing_weapons_uskayaw, lemuel_round_altar,
          gammafunk_temple_overflow_wave, first_ration, serial_bayou,
          serial_bayou_lake_a, serial_bayou_pond_c, serial_bayou_pond_d,
          serial_bayou_crossing, uniq_sigmund, uniq_terence, uniq_jessica
D:3:      uniq_ijyb, uniq_natasha
D:4:      lemuel_round_altar, serial_shops, shop

Skill      XL: |  1  2  3  4  5  6  7 |
---------------+----------------------+-----
Axes           | 3 5 6 7 8 |  8.0
Fighting       | |  3.0
Dodging        | |  2.6
Stealth        | |  1.7

Action                   |  1- 3 |  4- 6 |  7- 9 || total
-------------------------+-------+-------+-------++-------
Melee: Hand axe          |   116 |   287 |    10 ||   413
       Kick              |    23 |    73 |    11 ||   107
       Headbutt          |       |    54 |     5 ||    59
       Unarmed           |       |     4 |       ||     4
       Flail             |       |       |    52 ||    52
 Abil: Blink             |       |     1 |       ||     1
  Use: Potion            |       |     5 |     1 ||     6
 Stab: Sleeping          |     3 |       |       ||     3
  Eat: Chunk             |     1 |     9 |     1 ||    11
Armor: Robe              |     9 |       |       ||     9
       Chain mail        |    49 |   124 |    49 ||   222
       Leather armour    |     3 |       |       ||     3
       Skin              |       |     4 |       ||     4
Dodge: Dodged            |    54 |    73 |    11 ||   138

Table legend:
 A = Non-vault XP
 B = Vault XP
 C = Vault XP percentage of total XP
 D = Non-vault monster count
 E = Vault monster count
 F = Vault count percentage of total count
                 A         B        C        D         E       F
            +---------+---------+-------+---------+---------+-------
      Total |     613 |     376 |  38.0 |     109 |       8 |   6.8
            +---------+---------+-------+---------+---------+-------
        D:1 |      64 |       5 |   7.2 |      30 |       3 |   9.1
        D:2 |      75 |     300 |  80.0 |      27 |       3 |  10.0
        D:3 |     205 |      71 |  25.7 |      34 |       2 |   5.6
        D:4 |     269 |       0 |   0.0 |      18 |       0 |   0.0
            +---------+---------+-------+---------+---------+-------
